 Dungeon Crawl Stone Soup version 0.29-a0-334-gb41bcbb86e (webtiles) character file.

Game seed: 10809245049628766321

45 KateM the Poker (level 3, -4/28 HPs)
             Began as a Merfolk Gladiator on Apr 15, 2022.
             Slain by a gnoll
             ... wielding a +0 spear
              (8 damage)
             ... on level 1 of the Dungeon.
             The game lasted 00:00:43 (961 turns).

KateM the Poker (Merfolk Gladiator)                  Turns: 961, Time: 00:00:43

Health: -4/28      AC:  4    Str: 14    XL:     3   Next: 64%
Magic:  3/3        EV: 14    Int:  7    God:
Gold:   67         SH:  0    Dex: 17    Spells: 2/2 levels left

rFire   . . .      SeeInvis .   a - +0 trident
rCold   . . .      Faith    .   (no shield)
rNeg    . . .      Spirit   .   b - +0 leather armour
rPois   .          Reflect  .   c - +0 helmet
rElec   .          Harm     .   (no cloak)
rCorr   .          Rampage  .   (no gloves)
Will    .....                   (no boots)
Stlth   +.........              (no amulet)
HPRegen 0.09/turn               (no ring)
MPRegen 0.08/turn               (no ring)

@: no status effects
A: (nimble swimmer 2), mertail
a: no special abilities


You were on level 1 of the Dungeon.
You visited 1 branch of the dungeon, and saw 1 of its levels.

You collected 67 gold pieces.

Inventory:

Hand Weapons
 a - a +0 trident (weapon)
Missiles
 d - 3 throwing nets (quivered)
 e - a javelin
Armour
 b - a +0 leather armour (worn)
 c - a +0 helmet (worn)
Scrolls
 f - a scroll of fear {unknown}
 h - a scroll of blinking {unknown}
Potions
 g - a potion of attraction {unknown}


   Skills:
 + Level 2.8 Fighting
 * Level 5.1 Polearms
 - Level 2.0 Throwing
 + Level 4.6 Dodging


You had 2 spell levels left.
You didn't know any spells.
Your spell library contained the following spells:

 Spells                   Type           Power      Damage    Failure   Level
 Confusing Touch          Hex            0%         N/A       87%         3
 Yara's Violent Unravell  Hex/Tmut       0%         3d3       100%        5
 Enfeeble                 Hex            0%         N/A       100%        7


Dungeon Overview and Level Annotations

Branches:
Dungeon (1/15)

Altars:
Fedhas


Innate Abilities, Weirdness & Mutations

((You are very nimble when in or above water. (Stealth+, EV+, Speed+++)))
Your lower body shifts to a powerful aquatic tail in water.


Message History

You closely miss the hobgoblin. The hobgoblin misses you.
There are monsters nearby!
You closely miss the hobgoblin.
The gnoll hits you from afar with a +0 spear.
The hobgoblin hits you but does no damage.
You hit the hobgoblin.
The hobgoblin is almost dead.
The gnoll barely misses you. The hobgoblin barely misses you.
You puncture the hobgoblin!
You kill the hobgoblin!
The gnoll barely misses you.
You reach to attack!
You closely miss the gnoll. The gnoll misses you.
You reach to attack!
You hit the gnoll but do no damage.
The gnoll hits you from afar with a +0 spear.
You reach to attack!
You closely miss the gnoll. The gnoll misses you. x2
You reach to attack!
You hit the gnoll.
The gnoll is heavily wounded.
The gnoll closely misses you.
You reach to attack!
You hit the gnoll.
The gnoll is heavily wounded.
The gnoll hits you from afar with a +0 spear!
You are too injured to fight recklessly!
You are too injured to fight recklessly!
You are too injured to fight recklessly!
You are too injured to fight recklessly!
A gnoll is nearby!
The gnoll closely misses you.
You see here a hobgoblin corpse.
You barely miss the gnoll.
The gnoll is heavily wounded.
The gnoll hits you with a +0 spear.
* * * LOW HITPOINT WARNING * * *
You barely miss the gnoll.
The gnoll is heavily wounded.
The gnoll hits you with a +0 spear.
* * * LOW HITPOINT WARNING * * *
You barely miss the gnoll.
The gnoll is heavily wounded.
The gnoll hits you with a +0 spear!
You die...

....##.# #..# #.#
#####....###.##
'#####.####.## ######
#.#
.....#.##....##+#####
#.##
.....#.##.##.#......#
#..#
.......##.##.#......#
#...
.+#######'##.#......#
###.
.#..###..###.#...(..#
## .#.......#
#....g...# ###
###.....## ##...@...#
#.. ## .##.._..#
#.......# #.# ###.
.##.....## ##..#####
#.# #... .#.....).#
#.># ######.# ###.
.#..###..## ##.#
...##.# ## .'###
###'#
#.#.###.##.##### ###
#.# #.#.......†....#
## #.#
#.#####.######.###.
#.#####.#####.#
#.#...


You could see a gnoll.

Vanquished Creatures
  A gnoll (D:1)
  4 bats (D:1)
  5 endoplasms (D:1)
  A giant cockroach (D:1)
  3 hobgoblins (D:1)
  3 jackals (D:1)
  4 quokkas (D:1)
  4 ball pythons (D:1)
  A frilled lizard (D:1)
  3 goblins (D:1)
29 creatures vanquished.

Notes
Turn   | Place    | Note
-------+----------+-------------------------------------------
     0 | D:1      | KateM the Merfolk Gladiator began the quest for the Orb.
     0 | D:1      | Reached XP level 1. HP: 16/16 MP: 1/1
     2 | D:1      | Noticed a demonspawn
     2 | D:1      | Noticed a merfolk
     4 | D:1      | Noticed an ogre
     6 | D:1      | Noticed a naga
     8 | D:1      | Noticed a tengu
     8 | D:1      | Noticed a troll
    10 | D:1      | Noticed an elf
    12 | D:1      | Noticed a ghoul
    12 | D:1      | Noticed a human
    14 | D:1      | Noticed an octopode
    14 | D:1      | Noticed a formicid
    16 | D:1      | Noticed a vampire
    18 | D:1      | Noticed a vine stalker
    18 | D:1      | Noticed a felid
    20 | D:1      | Noticed a gargoyle
    22 | D:1      | Noticed a demigod
    22 | D:1      | Noticed a spriggan
    24 | D:1      | Noticed a draconian
    24 | D:1      | Noticed a dwarf
    26 | D:1      | Noticed a minotaur
   269 | D:1      | Found a faded altar of an unknown god.
   274 | D:1      | Reached XP level 2. HP: 23/23 MP: 2/2
   523 | D:1      | Found a blossoming altar of Fedhas.
   532 | D:1      | Reached XP level 3. HP: 27/28 MP: 3/3
   708 | D:1      | Reached skill level 5 in Polearms
   961 | D:1      | Slain by a gnoll

Illustrated notes

Levels and vault maps discovered:
D:1:      kb_arrival_jail, layout_basic, hellmonk_ecumenical_altar_slurped_away,
          serial_curves, eino_curves_03, eino_curves_04, eino_curves_04,
          minmay_hexomino_r4

Skill      XL: |  1  2  3 |
---------------+----------+-----
Polearms       | 5 |  5.1
Fighting       | |  2.8
Throwing       | |  2.0
Dodging        | |  4.6

Action                   || total
-------------------------++-------
Melee: Trident           ||    96
 Stab: Sleeping          ||     3
Armor: Leather armour    ||    20
Dodge: Dodged            ||    62

Table legend: (Time is in decaauts)
 A = Elapsed time spent in this place.
 B = Non-inter-level travel time spent in this place.
 C = Inter-level travel time spent in this place.
 D = Time resting spent in this place.
 E = Time spent auto-exploring this place.
 F = Levels seen in this place.
 G = Mean time per level.
                   A        B        C        D        E       F      G
               +--------+--------+--------+--------+--------+-----+--------+
         Total |    967 |    967 |      0 |      0 |    805 |   1 |  967.0 |
       Dungeon |    967 |    967 |      0 |      0 |    805 |   1 |  967.0 |
               +--------+--------+--------+--------+--------+-----+--------+

Top non-repeatable levels by time:
     D:1: 967 daAuts
